Map: Submarine LE

Players

Heeebster - Winner!

  • Race: Protoss Protoss
  • League: Diamond
  • Spawn Location: 11:00

nikwelik

  • Race: Terran Terran
  • League: Master
  • Spawn Location: 5:00

VOD

Have the link to the VOD?

Description

Time

  • Played on: Nov. 16, 2020, 1:12 p.m.
  • Length: 10:39
Show
View Real Time Build Order
Export as new Build Order

Heeebster Protoss - Winner!

Build Orders: 1 Gate Expand, Oracle Opening, Carriers 

Get SALT Encoding   

  12  0:01  Probe  
  13  0:14  Pylon  
  13  0:18  Probe (Chrono Boost)  
  15  0:29  Probe (Chrono Boost)  
  15  0:34  Probe (Chrono Boost)  
  15  0:36  Gateway  
  16  0:44  Probe  
  16  0:49  Assimilator  
  17  0:57  Probe  
  18  1:09  Probe (Chrono Boost)  
  19  1:21  Probe (Chrono Boost)  
  20  1:26  Nexus  
  20  1:35  Cybernetics Core  
  20  1:41  Assimilator  
  20  1:44  Probe  
  21  1:56  Probe  
  21  2:00  Pylon  
  22  2:08  Probe  
  23  2:12  Stargate  
  23  2:17  Warp Gate  
  23  2:23  Probe, Stalker (Chrono Boost)  
  26  2:35  Probe  
  27  2:38  Probe (Chrono Boost), Pylon  
  28  2:50  Probe (Chrono Boost)  
  30  2:52  Probe (Chrono Boost)  
  30  2:58  Probe (Chrono Boost), Oracle  
  34  3:00  Probe (Chrono Boost)  
  34  3:04  Probe  
  36  3:13  Probe, Assimilator  
  36  3:16  Probe  
  38  3:21  Stargate  
  38  3:27  Probe (Chrono Boost)  
  39  3:28  Probe (Chrono Boost)  
  39  3:30  Shield Battery  
  39  3:32  Shield Battery  
  40  3:38  Void Ray (Chrono Boost)  
  40  3:40  Probe (Chrono Boost)  
  42  3:43  Probe (Chrono Boost)  
  42  3:46  Probe (Chrono Boost)  
  47  3:49  Probe  
  47  3:55  Probe  
  49  4:00  Assimilator  
  49  4:02  Probe  
  50  4:04  Pylon  
  50  4:07  Probe  
  51  4:12  Protoss Air Weapons Level 1  
  51  4:20  Probe  
  51  4:24  Void Ray x2 (Chrono Boost)  
  56  4:32  Shield Battery  
  56  4:34  Shield Battery  
  60  4:40  Probe  
  61  4:54  Probe  
  62  5:04  Void Ray (Chrono Boost)  
  61  5:12  Void Ray  
  61  5:21  Probe  
  62  5:32  Probe  
  62  5:39  Probe  
  62  6:00  Pylon  
  62  6:03  Pylon  
  62  6:09  Void Ray (Chrono Boost), Pylon  
  62  6:12  Void Ray (Chrono Boost)  
  62  6:13  Pylon  
  62  6:16  Shield Battery x2  
  62  6:18  Probe x2  
  68  6:22  Stargate  
  72  6:27  Fleet Beacon  
  72  6:30  Probe, Pylon  
  72  6:32  Forge  
  73  6:34  Probe, Pylon  
  74  6:42  Probe  
  74  6:46  Nexus  
  75  6:47  Pylon  
  75  6:49  Assimilator  
  75  6:53  Assimilator  
  75  6:54  Void Ray x2  
  83  7:02  Probe  
  83  7:03  Flux Vanes  
  83  7:08  Photon Cannon  
  84  7:09  Probe  
  84  7:12  Photon Cannon  
  85  7:19  Probe  
  85  7:22  Probe (Chrono Boost)  
  87  7:31  Probe (Chrono Boost)  
  89  7:39  Probe (Chrono Boost)  
  89  7:40  Carrier  
  89  7:41  Probe (Chrono Boost)  
  96  7:46  Probe x2 (Chrono Boost)  
  100  7:58  Probe (Chrono Boost)  
  100  7:59  Probe (Chrono Boost)  
  100  8:02  Probe (Chrono Boost)  
  101  8:06  Protoss Air Weapons Level 2 (Chrono Boost)  
  110  8:13  Probe (Chrono Boost)  
  110  8:14  Carrier (Chrono Boost)  
  110  8:15  Probe x2 (Chrono Boost)  
  110  8:18  Probe (Chrono Boost)  
  111  8:21  Probe  
  111  8:22  Probe  
  119  8:30  Shield Battery  
  119  8:31  Carrier (Chrono Boost)  
  119  8:32  Shield Battery  
  119  8:34  Probe x2  
  121  8:35  Pylon  
  121  8:42  Carrier (Chrono Boost)  
  130  9:21  Carrier (Chrono Boost)  
  131  9:24  Probe x3  
  136  9:35  Carrier (Chrono Boost)  
  136  9:36  Probe x3  
  139  9:45  Nexus  
  139  9:47  Assimilator  
  139  9:48  Probe  
  139  9:50  Pylon  
  140  9:57  Pylon  
  140  10:00  Pylon  
  140  10:01  Pylon  
  140  10:03  Pylon  
  140  10:07  Pylon  
  140  10:10  Assimilator  
  146  10:19  Pylon  
  152  10:21  Photon Cannon  
  152  10:23  Photon Cannon  
  152  10:25  Photon Cannon  
Show
View Real Time Build Order
Export as new Build Order

nikwelik Terran 

Build Orders: 1/1/1, Liberator Opening 

Get SALT Encoding   

  12  0:00  SCV  
  13  0:12  SCV  
  14  0:18  Supply Depot  
  14  0:24  SCV  
  15  0:39  SCV  
  15  0:41  Barracks  
  16  0:44  Refinery  
  16  0:51  SCV  
  16  0:53  Refinery  
  17  1:04  SCV  
  18  1:16  SCV  
  19  1:28  SCV  
  19  1:31  Supply Depot, Marine  
  21  1:37  Factory  
  21  1:40  SCV  
  22  1:47  Barracks  
  22  1:55  Barracks Reactor  
  22  2:02  SCV  
  23  2:16  SCV  
  23  2:22  Factory Tech Lab  
  24  2:23  Starport  
  24  2:28  SCV  
  25  2:31  Marine x2  
  25  2:35  Barracks Reactor  
  27  2:38  Supply Depot  
  27  2:47  Siege Tank  
  30  2:53  Marine  
  31  2:59  Marine  
  31  3:03  Orbital Command  
  32  3:13  Liberator  
  36  3:21  Supply Depot  
  36  3:23  Marine  
  36  3:37  Marine x2  
  36  3:38  Marine  
  39  3:43  Siege Tank  
  42  3:50  Supply Depot  
  42  3:51  Marine  
  43  4:01  Marine  
  43  4:23  Marine x4  
  50  4:24  Siege Tank  
  50  4:39  Liberator  
  50  4:40  SCV  
  50  4:41  Supply Depot  
  50  4:42  Marine  
  55  4:58  Marine  
  55  5:00  Marine  
  55  5:01  Marine  
  55  5:03  Marine  
  51  5:13  Cyclone  
  45  5:16  Marine  
  45  5:18  Marine  
  45  5:19  Marine  
  47  5:21  Marine  
  48  5:34  Marine  
  46  5:36  Marine  
  46  5:42  SCV  
  44  5:50  Cyclone  
  44  5:52  Command Center  
  44  5:53  Starport Reactor  
  44  5:54  SCV  
  48  6:06  SCV  
  48  6:10  Barracks  
  49  6:18  SCV  
  50  6:30  SCV  
  50  6:32  Viking x2  
  55  6:37  Marine x2  
  55  6:38  Marine x2  
  59  6:40  Supply Depot  
  59  6:42  SCV  
  57  6:55  SCV  
  58  7:05  Viking x2  
  58  7:06  Marine x4  
  66  7:09  Barracks Tech Lab  
  66  7:17  Orbital Command  
  66  7:20  SCV  
  67  7:30  Marine x2  
  69  7:37  Viking  
  69  7:38  Viking  
  69  7:41  SCV  
  69  7:43  SCV  
  75  7:46  Marine  
  75  7:49  Stimpack  
  76  8:01  Marine x3  
  79  8:07  Medivac  
  79  8:08  Medivac  
  83  8:15  SCV x2  
  83  8:19  Supply Depot  
  85  8:22  Command Center  
  85  8:26  Marine  
  86  8:40  Marine x4  
  86  8:41  SCV  
  91  8:42  Supply Depot  
  85  9:03  Marine x3  
  85  9:05  Marine  
  85  9:06  Marine  
  83  9:21  Marine x3  
  84  9:31  Marine x2  
  84  9:33  Medivac  
  84  9:34  SCV, Medivac  
  89  9:39  Marine x2  
  89  9:42  Marine  
  92  9:46  SCV  
  92  9:48  Marine  
  92  9:49  Marine  
  95  9:56  Command Center  
  95  10:00  Orbital Command  
  95  10:04  Marine  
  96  10:11  Marine x3  
  99  10:18  Supply Depot  
Tags
 
Add a new tag
Caveats
  • Supply blocks, unpowered buildings, or Contaminate may cause inaccurate times.
  • Supply counts are checked every 10 seconds.